 Dungeon Crawl Stone Soup version 0.21.1-1-g345015f (webtiles) character file.

12659 smcx the Markscentaur (level 11, -4/99 HPs)
             Began as a Centaur Hunter on July 21, 2018.
             Was a High Priest of Okawaru.
             Slain by a manticore (13 damage)
             ... on level 4 of the Lair of Beasts on July 24, 2018.
             The game lasted 01:56:36 (16631 turns).

smcx the Markscentaur (Centaur Hunter)             Turns: 16631, Time: 01:56:37

Health: -4/99      AC: 11    Str: 16    XL:     11   Next: 65%
Magic:  11/11      EV:  1    Int: 10    God:    Okawaru [*****.]
Gold:   138        SH:  0    Dex: 12    Spells: 10/10 levels left

rFire    . . .     SeeInvis .   a - +3 longbow (velocity)
rCold    . . .     Gourm    .   (shield currently unavailable)
rNeg     + + +     Faith    .   h - +2 leather armour {rPois}
rPois    ∞         Spirit   .   (no helmet)
rElec    .         Reflect  .   R - +2 cloak
rCorr    .         Harm     +   J - +0 pair of gloves
MR       .....                  (no barding)
Stlth    +.........             E - amulet of harm
HPRegen  0.26/turn              T - +4 ring of evasion
MPRegen  0.12/turn              (no ring)

@: petrified, barbed spikes, studying Polearms, very quick
A: large, hooves 3, blink, deformed body, deterioration 1, speed 2, mutation
resistance 1, tough skin 3
a: Blink, Heroism, Finesse, Renounce Religion


You were on level 4 of the Lair of Beasts.
You worshipped Okawaru.
Okawaru was extremely pleased with you.
You were not hungry.

You visited 3 branches of the dungeon, and saw 14 of its levels.

You collected 760 gold pieces.
You spent 622 gold pieces at shops.

Inventory:

Hand Weapons
 a - a +3 longbow of velocity (weapon)
 b - a +0 dire flail of crushing
 c - a +1 whip of electrocution
 F - a +0 dagger of holy wrath
 G - a +2 rapier of freezing
Missiles
 d - 99 arrows (quivered)
 e - 55 bolts
 k - 57 poisoned needles
 p - a throwing net
Armour
 h - a +2 leather armour of poison resistance (worn)
 J - a +0 pair of gloves (worn)
 Q - a scarf of cloud immunity
 R - a +2 cloak (worn)
Jewellery
 E - an amulet of harm (around neck)
 T - a +4 ring of evasion (left hand)
Wands
 g - a wand of iceblast (20)
 o - a wand of scattershot (2)
 q - a wand of enslavement (15)
 t - a wand of random effects (26)
 x - a wand of acid (5)
 y - a wand of paralysis (13)
 N - a wand of flame (36)
Scrolls
 l - a scroll of enchant armour
 m - 12 scrolls of remove curse
 n - 2 scrolls of amnesia
 r - a scroll of identify
 u - a scroll of summoning {unknown}
 v - a scroll of fog {unknown}
 w - a scroll of vulnerability {unknown}
 A - 2 scrolls of teleportation
 D - a scroll of silence
 I - a scroll of enchant weapon
 M - a scroll of fear
Potions
 j - a potion of lignification {unknown}
 s - 2 potions of might
 z - a potion of mutation
 B - a potion of curing
 C - 2 potions of haste
 O - a potion of brilliance
Books
 i - a manual of Polearms
 L - a book of Misfortune

   Spells                             Type                      Level
   a - Confusing Touch                Hexes                        1
   b - Confuse                        Hexes                        3
   c - Gell's Gravitas                Translocation                3
   d - Petrify                        Transmutation/Earth          4
   e - Metabolic Englaciation         Hexes/Ice                    5
   f - Yara's Violent Unravelling     Hexes/Transmutation          5
 P - a book of Frost

   Spells                             Type                      Level
   a - Freeze                         Ice                          1
   b - Throw Frost                    Conjuration/Ice              2
   c - Ozocubu's Armour               Charms/Ice                   3
   d - Throw Icicle                   Conjuration/Ice              4
   e - Summon Ice Beast               Ice/Summoning                4
Miscellaneous
 H - a sack of spiders
Comestibles
 f - 29 rations


   Skills:
 + Level 9.8 Fighting
 + Level 3.2 Maces & Flails
 + Level 16.7 Bows
 - Level 0.1 Throwing
 + Level 5.3 Armour
 + Level 3.2 Dodging
 - Level 1.6 Stealth


You had 10 spell levels left.
You didn't know any spells.

Dungeon Overview and Level Annotations

Branches:
Dungeon (9/15)             Temple (1/1) D:7            Lair (4/6) D:9
 Shoals (0/4) Lair:3        Snake (0/4) Lair:3
    Orc: D:9-12

Altars:
Ashenzari
Cheibriados
Dithmenos
Elyvilon
Fedhas
Gozag
Hepliaklqana
Kikubaaqudgha
Makhleb
Nemelex Xobeh
Okawaru
Qazlal
Ru
Sif Muna
Trog
Uskayaw
Vehumet
Wu Jian
Xom
Yredelemnul
Zin
The Shining One

Shops:
D:7 (   D:8 [   D:9 (


Innate Abilities, Weirdness & Mutations

You have hooves in place of feet.
Armour fits poorly on your strangely shaped body.
You cover ground very quickly.
You have extremely tough skin. (AC +3)
You can translocate small distances at will.
Your body sometimes deteriorates upon taking damage.
You are somewhat resistant to further mutation.


Message History

You are engulfed in calcifying dust.
The manticore flicks its tail.
The volley of spikes hits you!
The barbed spikes become lodged in your body.
The catoblepas gores you!
The manticore is engulfed in calcifying dust.
You are engulfed in calcifying dust.
The manticore flicks its tail.
The volley of spikes hits you!
The barbed spikes become lodged in your body.
The catoblepas gores you but does no damage.
The catoblepas gores you! The catoblepas gores you!!
* * * LOW HITPOINT WARNING * * *
The manticore bites you.
The manticore claws you but does no damage. x2
The catoblepas gores you!
* * * LOW HITPOINT WARNING * * *
The manticore bites you!!
You die...

#### ####
#...# #...#
#.$≈≈#+#≈≈(.#
#.≈..≈.≈.†≈.#
#≈.H.....≈#
#≈.≈≈≈.≈#
#..≈@≈..#
#≈.H≈Y.≈#
#≈.......≈#
#.≈(.≈.≈..≈.#
#.$≈≈#.#≈≈$.#
#...##.##...#
#### ... ####
...


You could see a catoblepas and 2 manticores.

Vanquished Creatures
  A catoblepas (Lair:4)
  Pikel (D:9)
  3 black mambas (Lair:3)
  2 merfolk sirens (Lair:3)
  The ghost of Rwicked the Digger, a novice GrEE (D:5)
  3 spiny frogs
  3 komodo dragons (Lair:2)
  2 merfolk (Lair:3)
  10 blink frogs
  8 yaks
  A wyvern (D:8)
  2 basilisks (Lair:3)
  Edmund (D:7)
  3 wargs (D:9)
  A water moccasin (Lair:2)
  4 orc warriors (D:9)
  2 slaves (D:9)
  A black bear (D:8)
  An ice beast (D:8)
  3 wolves (Lair:1)
  A necrophage (D:9)
  4 ogres
  2 phantoms
  2 centaurs
  4 crocodiles
  5 bullfrogs
  A gnoll sergeant (D:8)
  A scorpion (D:9)
  4 crimson imps
  2 jellies
  3 hounds
  6 orc priests
  4 iguanas
  4 worker ants
  12 orc wizards
  A killer bee zombie (D:7)
  2 hound skeletons
  A worker ant zombie (D:8)
  2 gnolls (D:8)
  A howler monkey skeleton (D:9)
  5 adders
  2 shadow imps
  3 oozes
  An adder skeleton (D:6)
  3 worms
  A dart slug (D:2)
  2 leopard geckos
  29 orcs
  4 ball pythons
  8 giant cockroaches
  7 goblins
  6 hobgoblins
  4 jackals
  2 quokkas
  7 bats
  4 frilled lizards
  6 kobolds
  2 leopard gecko skeletons
  6 rats
  3 fungi
  2 plants
222 creatures vanquished.

Vanquished Creatures (others)
  A slave (D:9)
  An orc (D:9)
  3 plants (Lair:3)
5 creatures vanquished.

Grand Total: 227 creatures vanquished

Notes
Turn   | Place    | Note
-------+----------+-------------------------------------------
     0 | D:1      | smcx the Centaur Hunter began the quest for the Orb.
     0 | D:1      | Reached XP level 1. HP: 17/17 MP: 1/1
   119 | D:1      | Reached XP level 2. HP: 15/24 MP: 2/2
   561 | D:1      | Reached skill level 6 in Bows
   807 | D:1      | Reached XP level 3. HP: 30/30 MP: 3/3
  1954 | D:3      | Reached XP level 4. HP: 37/37 MP: 4/4
  2618 | D:4      | Reached skill level 7 in Bows
  2633 | D:4      | Noticed Edmund
  2846 | D:4      | Reached XP level 5. HP: 44/45 MP: 5/5
  3106 | D:4      | Reached skill level 1 in Armour
  3401 | D:4      | Noticed a phantom
  3417 | D:4      | Killed a phantom
  3417 | D:4      | Reached skill level 8 in Bows
  3417 | D:4      | Reached XP level 6. HP: 51/51 MP: 6/6
  3810 | D:5      | Entered Level 5 of the Dungeon
  4616 | D:5      | Noticed Rwicked's ghost (novice GrEE)
  4633 | D:5      | HP: 2/51 [Rwicked's ghost/stone arrow (29)]
  4635 | D:5      | Killed Rwicked's ghost
  4635 | D:5      | Reached skill level 10 in Bows
  4635 | D:5      | Reached XP level 7. HP: 3/59 MP: 7/7
  6408 | D:7      | Killed Edmund
  6408 | D:7      | Reached XP level 8. HP: 39/67 MP: 8/8
  6614 | D:7      | Found a burning altar of Makhleb.
  6727 | D:7      | Reached skill level 5 in Fighting
  6953 | D:7      | Found a staircase to the Ecumenical Temple.
  7079 | D:7      | Found Ifagav's Weapon Emporium.
  7180 | D:7      | Reached skill level 11 in Bows
  7410 | Temple   | Entered the Ecumenical Temple
  7469 | Temple   | Became a worshipper of Warmaster Okawaru
  8178 | D:8      | Reached skill level 1 in Stealth
  8323 | D:8      | Reached skill level 12 in Bows
  8501 | D:8      | Reached * piety under Okawaru
  8501 | D:8      | Reached XP level 9. HP: 75/75 MP: 9/9
  8558 | D:8      | Found Bemy's Armour Shoppe.
  8576 | D:8      | Bought a scarf of cloud immunity for 91 gold pieces
  8576 | D:8      | Bought a +2 cloak for 214 gold pieces
  8757 | D:8      | Gained mutation: Your body sometimes deteriorates upon taking damage. [potion of mutation]
  8757 | D:8      | Gained mutation: You can translocate small distances at will. [potion of mutation]
  8757 | D:8      | Gained mutation: You are somewhat resistant to further mutation. [potion of mutation]
  9574 | D:9      | Reached skill level 13 in Bows
  9845 | D:9      | Found a staircase to the Lair.
  9929 | D:9      | Reached ** piety under Okawaru
 10548 | D:9      | Identified a scroll of acquirement
 10707 | D:9      | Noticed Pikel
 10755 | D:9      | Killed Pikel
 10755 | D:9      | Reached *** piety under Okawaru
 10755 | D:9      | Reached skill level 14 in Bows
 10755 | D:9      | Reached XP level 10. HP: 84/86 MP: 10/10
 10851 | D:9      | Found Luuwed's Weapon Shoppe.
 11480 | Lair:1   | Entered Level 1 of the Lair of Beasts
 11801 | Lair:1   | Noticed a spiny frog
 11818 | Lair:1   | Killed a spiny frog
 12195 | Lair:1   | Reached skill level 1 in Maces & Flails
 12913 | Lair:2   | Reached **** piety under Okawaru
 12913 | Lair:2   | Received a gift from Okawaru
 13166 | Lair:2   | Reached skill level 15 in Bows
 13947 | Lair:2   | Noticed a spiny frog
 13977 | Lair:2   | Killed a spiny frog
 14317 | Lair:2   | Noticed a spiny frog
 14332 | Lair:2   | Killed a spiny frog
 14332 | Lair:2   | Reached XP level 11. HP: 62/95 MP: 11/11
 14843 | D:9      | Bought a +2 longbow of velocity for 317 gold pieces
 14995 | Lair:3   | Reached skill level 5 in Armour
 15050 | Lair:3   | Reached ***** piety under Okawaru
 15256 | Lair:3   | Reached skill level 16 in Bows
 15565 | Lair:3   | Found a staircase to the Shoals.
 15703 | Lair:3   | Received a gift from Okawaru
 15842 | Lair:3   | Found a staircase to the Snake Pit.
 16619 | Lair:4   | Noticed a catoblepas
 16619 | Lair:4   | Noticed a catoblepas
 16623 | Lair:4   | Killed a catoblepas
 16623 | Lair:4   | Received a gift from Okawaru
 16631 | Lair:4   | Slain by a manticore

Skill      XL: |  1  2  3  4  5  6  7  8  9 10 11 |
---------------+----------------------------------+-----
Bows           | 6 7 8 10 12 14 15 16 | 16.7
Fighting       | 3 4 5 7 8 9 |  9.8
Armour         | 1 2 3 4 5 |  5.3
Dodging        | 2 3 |  3.2
Stealth        | 1 |  1.6
Maces & Flails | 2 3 |  3.2
Throwing       | |  0.1

Action                   |  1- 3 |  4- 6 |  7- 9 | 10-12 || total
-------------------------+-------+-------+-------+-------++-------
Melee: Short sword       |     7 |       |       |       ||     7
       Kick              |     2 |       |     9 |    55 ||    66
       Shortbow          |       |       |     4 |    43 ||    47
       Dire flail        |       |       |    26 |    29 ||    55
       Longbow           |       |       |       |    46 ||    46
 Fire: Shortbow          |   127 |   165 |   382 |   190 ||   864
       Longbow           |       |       |       |    81 ||    81
Throw: Throwing net      |       |       |       |     1 ||     1
  Use: Scroll            |     5 |     5 |    15 |     2 ||    27
       Potion            |     2 |     4 |     2 |     1 ||     9
  Eat: Chunk             |    12 |     8 |     8 |     1 ||    29
       Ration            |       |       |       |     4 ||     4
Armor: Leather armour    |    32 |       |     1 |    15 ||    48
       Scale mail        |       |    19 |     5 |       ||    24
       Plate armour      |       |       |    92 |       ||    92
Dodge: Dodged            |    29 |    15 |    33 |    55 ||   132
